 Dungeon Sprint DCSS version 0.24.1-14-gf8d2b509d9 (webtiles) character file.

Game seed: 549404806974651220, levelgen mode: deterministic

188 sahdkjhfkaj the Summoner (level 5, -11/31 HPs)
             Began as a Tengu Summoner on Oct 26, 2020.
             Was a Follower of Sif Muna.
             Mangled by a two-headed ogre
             ... wielding a +0 giant club
              (13 damage)
             ... in the Dungeon (Sprint IX: "|||||||||||||||||||||||||||||").
             The game lasted 00:02:27 (525 turns).

sahdkjhfkaj the Summoner (Tengu Summoner)            Turns: 525, Time: 00:02:28

Health: -11/31     AC:  4    Str:  8    XL:     5   Next: 67%
Magic:  4/13       EV: 14    Int: 20    God:    Sif Muna [*.....]
Gold:   0          SH:  0    Dex: 14    Spells: 9/14 levels left

rFire    . . .     SeeInvis .   m - staff of energy
rCold    . . .     Gourm    .   (no shield)
rNeg     . . .     Faith    .   a - +0 robe
rPois    .         Spirit   .   (helmet restricted)
rElec    .         Reflect  .   (no cloak)
rCorr    .         Harm     .   (no gloves)
MR       .....     NoTele   +   (boots unavailable)
Stlth    ++........             (no amulet)
HPRegen  0.10/turn              b - +2 ring of protection
MPRegen  0.13/turn              n - +3 ring of intelligence

@: very slightly contaminated, invisible
A: beak, talons 3, able to fly
a: Fly, Channel Magic, Renounce Religion


You were in the Dungeon.
You worshipped Sif Muna.
Sif Muna was aware of your devotion.
You were not hungry.

You visited 1 branch

Inventory:

Armour
 a - a +0 robe (worn)
Magical Staves
 m - an uncursed staff of energy (weapon)
Jewellery
 b - a +2 ring of protection (left hand)
 n - a +3 ring of intelligence (right hand)
Wands
 l - a wand of acid (10)
Scrolls
 i - a scroll of blinking {!r}
 j - 3 scrolls of remove curse {!r}
 k - 2 scrolls of amnesia {!r}
Potions
 d - 5 potions of curing {!q}
 e - 3 potions of heal wounds {!q}
 f - a potion of haste {!q}
 g - 4 potions of magic {!q}
Comestibles
 c - a ration


   Skills:
 + Level 2.4 Fighting
 + Level 3.6 Dodging
 - Level 2.0 Stealth
 + Level 5.4 Spellcasting
 * Level 10.5 Summonings
 * Level 4.9 Air Magic


You had 9 spell levels left.
You knew the following spells:

 Your Spells              Type           Power        Failure   Level  Hunger
a - Summon Small Mammal   Summ           ####         1%          1    None
e - Summon Lightning Spi  Summ/Air       #####...     4%          4    None

Your spell library contained the following spells:

 Spells                   Type           Power        Failure   Level  Hunger
 Call Imp                 Summ           #####...     1%          2    None
 Call Canine Familiar     Summ           #####...     1%          3    None
 Summon Guardian Golem    Hex/Summ       ####....     3%          3    None
 Summon Ice Beast         Ice/Summ       ####....     13%         4    None


Dungeon Overview and Level Annotations

Branches:
Dungeon (1/1)

Altars:
Cheibriados
Dithmenos
Elyvilon
Fedhas
Gozag
Hepliaklqana
Kikubaaqudgha
Makhleb
Nemelex Xobeh
Okawaru
Qazlal
Ru
Sif Muna
Trog
Uskayaw
Vehumet
Wu Jian
Xom
Yredelemnul
Zin
The Shining One
Beogh
Jiyva
Lugonu


Innate Abilities, Weirdness & Mutations

You have a beak for a mouth.
You have claws for feet.
You can fly continuously.


Message History

You hit the two-headed ogre but do no damage.
You claw the two-headed ogre, but do no damage.
The two-headed ogre is severely wounded.
You catch the helpless two-headed ogre completely off-guard!
You hit the two-headed ogre.
You claw the two-headed ogre, but do no damage.
You peck the two-headed ogre, but do no damage.
The two-headed ogre is almost dead.
The two-headed ogre closely misses you.
The two-headed ogre hits you with a +0 giant club!
* * * LOW HITPOINT WARNING * * *
You hit the two-headed ogre.
You claw the two-headed ogre, but do no damage.
The two-headed ogre is almost dead.
The two-headed ogre barely misses you. The two-headed ogre closely misses you.
You hit the two-headed ogre.
You peck the two-headed ogre, but do no damage.
The two-headed ogre is almost dead.
The two-headed ogre hits you with a +0 giant club!
You die...

▓▓▓
▓@▓
▓O▓
▓.▓
▓.▓
▓'▓
▓(▓
▓.▓
▓.▓
▓.▓


You could see a two-headed ogre.

Vanquished Creatures
  A jelly (D)
  An iguana (D)
  A worker ant (D)
  2 giant cockroaches (D)
  A hobgoblin (D)
6 creatures vanquished.

Vanquished Creatures (collateral kills)
  An ice beast (D)
  A scorpion (D)
  A hound (D)
  An orc wizard (D)
  A worker ant (D)
  A goblin (D)
  2 bats (D)
  A kobold (D)
9 creatures vanquished.

Grand Total: 15 creatures vanquished

Notes
Turn   | Place    | Note
-------+----------+-------------------------------------------
     0 | D        | sahdkjhfkaj the Tengu Summoner began the quest for the Orb.
     0 | D        | Reached XP level 1. HP: 10/10 MP: 4/4
     9 | D        | Reached skill level 5 in Summonings
   163 | D        | Noticed an iguana
   163 | D        | Noticed a worker ant
   163 | D        | Noticed a jelly
   207 | D        | Killed an iguana
   207 | D        | Reached skill level 7 in Summonings
   207 | D        | Reached XP level 2. HP: 15/15 MP: 3/7
   207 | D        | Reached XP level 3. HP: 19/19 MP: 3/9
   215 | D        | Reached skill level 8 in Summonings
   216 | D        | Reached skill level 9 in Summonings
   216 | D        | Reached XP level 4. HP: 15/24 MP: 4/11
   270 | D        | Learned a level 4 spell: Summon Lightning Spire
   395 | D        | Found a roughly hewn altar of Beogh.
   395 | D        | Found a snail-covered altar of Cheibriados.
   395 | D        | Found a shadowy altar of Dithmenos.
   395 | D        | Found a white marble altar of Elyvilon.
   395 | D        | Found a blossoming altar of Fedhas.
   395 | D        | Found an opulent altar of Gozag.
   396 | D        | Found a hazy altar of Hepliaklqana.
   397 | D        | Found a viscous altar of Jiyva.
   398 | D        | Found an ancient bone altar of Kikubaaqudgha.
   399 | D        | Found a corrupted altar of Lugonu.
   400 | D        | Found a burning altar of Makhleb.
   401 | D        | Found a sparkling altar of Nemelex Xobeh.
   402 | D        | Found an iron altar of Okawaru.
   403 | D        | Found a stormy altar of Qazlal.
   404 | D        | Found a sacrificial altar of Ru.
   405 | D        | Found a shimmering blue altar of Sif Muna.
   406 | D        | Found a bloodstained altar of Trog.
   407 | D        | Found a hide-covered altar of Uskayaw.
   408 | D        | Found a radiant altar of Vehumet.
   409 | D        | Found an ornate altar of the Wu Jian Council.
   410 | D        | Found a shimmering altar of Xom.
   411 | D        | Found a basalt altar of Yredelemnul.
   412 | D        | Found a glowing silver altar of Zin.
   413 | D        | Found a glowing golden altar of the Shining One.
   415 | D        | Became a worshipper of Sif Muna the Loreminder
   445 | D        | Noticed an ice beast
   445 | D        | Noticed a two-headed ogre
   453 | D        | Reached skill level 1 in Air Magic
   453 | D        | Reached skill level 1 in Fighting
   453 | D        | Reached * piety under Sif Muna
   453 | D        | Reached skill level 5 in Spellcasting
   453 | D        | Reached skill level 10 in Summonings
   453 | D        | Gained mutation: You can fly continuously. [Tengu growth]
   453 | D        | Reached XP level 5. HP: 29/29 MP: 3/13
   462 | D        | Killed an ice beast
   525 | D        | Mangled by a two-headed ogre

Levels and vault maps discovered:
D:        linesprint [early_d, line_temple, items_1, d_10, items_2, lair_1,
          lair_end, items_3, orc_1, orc_end, items_4, d_15, swamp_1, shoals_1,
          snake_1, spider_1, d_20, vaults_1, items_5, swamp_end, shoals_end,
          snake_end, spider_end, vaults_end, d_27, items_6, zot_1, zot_end,
          crypt_end, forest_end, elf_end, slime_end, tomb_end, abyss_end,
          pan_hell_end]

Skill      XL: |  1  2  3  4  5 |
---------------+----------------+-----
Summonings     | 7 9 10 | 10.5
Spellcasting   | 3 4 5 |  5.4
Air Magic      | 3 4 |  4.9
Fighting       | 1 2 |  2.4
Dodging        | 3 |  3.6
Stealth        | |  2.0

Action                   |  1- 3 |  4- 6 || total
-------------------------+-------+-------++-------
Melee: Dagger            |    10 |     2 ||    12
       Kick              |     5 |     5 ||    10
       Peck              |     1 |     4 ||     5
       Unarmed           |     1 |       ||     1
       Staff             |       |     6 ||     6
 Cast: Summon Small Mamm |     9 |     1 ||    10
       Summon Lightning  |       |     3 ||     3
  Use: Potion            |     1 |     1 ||     2
       Scroll            |       |     1 ||     1
 Stab: Invisible         |       |     2 ||     2
Armor: Robe              |       |     1 ||     1
Dodge: Dodged            |     9 |     5 ||    14
